AoeStats
← CHMB_Danchi

Arabia

509720133Analyzed
4v4 RM · 4d ago on Sep 27, 2026· 44m 36s· 8 players
Game mode
Random Map
Map size
Large (8 player)
Population
200
Speed
Normal
Resources
Standard
Victory
Conquest
Starting age
Dark Age
Ending age
Imperial Age
RankedLock teamsTeams togetherTeam positionsShared explorationLock speedFull tech treeHidden civsTurbo modeCheats
Victory
Defeat
🇧🇷 Ethiopians · Brazil
1141
+14
🇧🇷 Franks · Brazil
1108
+15
🇮🇪 Vietnamese · Ireland
1091
+16
🇧🇷 Lithuanians · Brazil
1084
+16
🇦🇷 Franks · Argentina
1179
-19
🇦🇷 Britons · Argentina
1085
-15
🇦🇷 Lithuanians · Argentina
1053
-14
🇦🇷 Teutons · Argentina
1045
-13
CHMB Martincek
8:23 Loom
10:29 Feudal Age
12:56 Double-Bit Axe
15:36 Castle Age
14:56 Horse Collar
16:01 Bloodlines
15:55 Gold Mining
19:59 Husbandry
21:39 Scale Barding Armor
25:27 Wheelbarrow
25:46 Chain Barding Armor
26:47 Forging
30:33 Iron Casting
31:26 Hand Cart
32:16 Heavy Plow
36:21 Imperial Age
36:36 Fletching
37:37 Plate Barding Armor
37:15 Cavalier
CHMB_Danchi
3:19 Loom
9:53 Feudal Age
11:16 Double-Bit Axe
11:57 Horse Collar
15:20 Wheelbarrow
20:42 Town Watch
28:21 Castle Age
31:03 Hand Cart
35:03 Heavy Plow
35:21 Bow Saw
38:17 Pikeman
CHMB_Martin
6:29 Loom
9:27 Feudal Age
10:13 Double-Bit Axe
14:06 Scale Barding Armor
19:32 Castle Age
23:13 Bow Saw
25:23 Town Watch
28:27 Husbandry
29:50 Chain Barding Armor
30:50 Forging
31:38 Fletching
36:54 Bodkin Arrow
38:59 Wheelbarrow
39:28 Iron Casting
CHMB_Kuc
7:48 Loom
9:51 Feudal Age
14:46 Double-Bit Axe
24:55 Castle Age
24:09 Fletching
26:24 Crossbowman
28:38 Padded Archer Armor
29:06 Gold Mining
30:36 Bow Saw
32:03 Bodkin Arrow
36:06 Ballistics
37:26 Leather Archer Armor
GameOfSilva
7:39 Loom
10:03 Feudal Age
10:43 Double-Bit Axe
12:12 Town Watch
16:48 Fletching
22:29 Castle Age
22:34 Crossbowman
23:11 Bodkin Arrow
23:16 Padded Archer Armor
23:50 Pikeman
25:51 Leather Archer Armor
32:26 Scale Mail Armor
34:52 Horse Collar
36:31 Chain Mail Armor
39:35 Ballistics
39:25 Masonry
42:49 Wheelbarrow
42:14 Town Patrol
42:43 Bow Saw
42:41 Heavy Plow
46:39 Imperial Age
45:09 Scale Barding Armor
45:14 Forging
ForceBr
7:26 Loom
9:57 Feudal Age
11:36 Double-Bit Axe
16:49 Fletching
19:59 Padded Archer Armor
24:29 Castle Age
22:47 Gold Mining
23:03 Horse Collar
24:32 Crossbowman
25:09 Bodkin Arrow
25:46 Bow Saw
26:30 Leather Archer Armor
31:04 Ballistics
31:18 Thumb Ring
32:10 Heavy Plow
32:46 Wheelbarrow
39:57 Imperial Age
37:46 Town Watch
40:03 Arbalester
41:59 Chemistry
42:08 Bracer
43:21 Stone Mining
44:33 Two-Man Saw
Naksu
2:43 Loom
11:54 Feudal Age
14:05 Forging
15:39 Scale Barding Armor
22:06 Castle Age
20:40 Gold Mining
22:26 Double-Bit Axe
22:54 Husbandry
24:55 Wheelbarrow
26:18 Chain Barding Armor
31:01 Iron Casting
32:11 Gold Shaft Mining
35:04 Hand Cart
38:02 Stone Mining
45:06 Imperial Age
43:10 Town Watch
44:08 Bow Saw
Manoo
6:16 Loom
10:14 Feudal Age
11:54 Double-Bit Axe
14:38 Town Watch
21:22 Castle Age
20:01 Forging
19:57 Scale Barding Armor
21:15 Bloodlines
21:12 Scale Barding Armor
21:36 Gold Mining
21:27 Horse Collar
26:02 Chain Barding Armor
26:02 Husbandry
30:02 Iron Casting
32:52 Imperial Age
31:04 Wheelbarrow
33:06 Cavalier
34:23 Plate Barding Armor
36:20 Paladin
37:59 Stone Mining
Connection lost

Rejoining the realm…

Still unreachable

The connection could not be restored.

Session expired

The server has moved on; the page needs a fresh start.